[Event "Amsterdam Chess Open 2024"]
[Site "Amsterdam"]
[Date "2024.11.02"]
[Round "4.18"]
[White "Leorato, Imanol"]
[Black "Schiebroek, Luc"]
[Result "1/2-1/2"]
[ECO "B01"]
[WhiteElo "1811"]
[BlackElo "1952"]
[Annotator "RC"]
[PlyCount "106"]
[EventDate "2024.10.31"]
[EventType "swiss"]
[EventCountry "NED"]
[SourceTitle "playchess.com"]
[Source "ChessBase"]
[SourceQuality "1"]
[TimeControl "5400+30"]

1. e4 d5 2. exd5 Nf6 3. Nf3 Bg4 4. d4 Qxd5 5. Be2 Nc6 6. c4 Qf5 7. Be3 O-O-O 8. Nc3 e5 9. d5 e4 10. Nd4 Nxd4 11. Bxd4 a6 12. h3 Bxe2 13. Qxe2 Bb4 14. O-O Rhe8 15. a3 Bxc3 16. bxc3 Nh5 17. Rab1 Rd6 18. Qg4 Qxg4 19. hxg4 Nf4 20. Rfe1 h5 21. f3 hxg4 22. Rxe4 Rxe4 23. fxe4 Ne2+ 24. Kf2 Nxd4 25. cxd4 Rf6+ 26. Ke3 g3 27. Rh1 Rf2 28. Rh7 g5 29. Rg7 Rxg2 30. Rxg5 Ra2 31. e5 Rxa3+ 32. Ke4 Kd7 33. Rg7 Ke8 34. d6 cxd6 35. exd6 a5 36. c5 Rc3 37. Rg8+ Kd7 38. Rf8 g2 39. Rxf7+ Ke8 40. Rg7 Rc2 41. Kd3 Rf2 42. Kc4 Kf8 43. Rg3 a4 44. Kb4 Rd2 45. Kxa4 Rxd4+ 46. Kb5 Rd2 47. Kc4 Ke8 48. Kc3 Rf2 49. Kd4 Rd2+ 50. Kc4 Rc2+ 51. Kb5 Rb2+ 52. Ka5 Kd7 53. Rg7+ Kd8 1/2-1/2

[Event "Amsterdam Chess Open 2024"]
[Site "Amsterdam"]
[Date "2024.11.02"]
[Round "4.19"]
[White "De Witte, Stein"]
[Black "Leentjens, Gilbert"]
[Result "1/2-1/2"]
[ECO "A11"]
[WhiteElo "1921"]
[BlackElo "1872"]
[Annotator "RC"]
[PlyCount "67"]
[EventDate "2024.10.31"]
[EventType "swiss"]
[EventCountry "NED"]
[SourceTitle "playchess.com"]
[Source "ChessBase"]
[SourceQuality "1"]
[TimeControl "5400+30"]

1. d4 Nf6 2. Nf3 g6 3. g3 Bg7 4. Bg2 d5 5. O-O O-O 6. c4 c6 7. b3 a5 8. Nc3 Ne4 9. Bb2 Nxc3 10. Bxc3 dxc4 11. bxc4 Be6 12. Qd3 Na6 13. a3 Nc5 14. Qc2 Bf5 15. Qd1 Ne4 16. Bb2 Nd6 17. Qc1 b5 18. cxb5 cxb5 19. Ne5 Be4 20. Bxe4 Nxe4 21. Qc6 Nd6 22. Rfd1 Rc8 23. Qf3 Nc4 24. Bc3 Nxe5 25. dxe5 Qc7 26. Rac1 Bxe5 27. Bd2 Qb6 28. Be3 Qb8 29. Bc5 Rfe8 30. Qe3 Bb2 31. Rb1 Bf6 32. Ba7 Qb7 33. Qb6 Qxb6 34. Bxb6 1/2-1/2

[Event "Amsterdam Chess Open 2024"]
[Site "Amsterdam"]
[Date "2024.11.02"]
[Round "4.20"]
[White "Fritschy, Pieter"]
[Black "Tomas Gallardo Banez"]
[Result "1-0"]
[ECO "D94"]
[WhiteElo "1930"]
[BlackElo "1834"]
[Annotator "RC"]
[PlyCount "81"]
[EventDate "2024.10.31"]
[EventType "swiss"]
[EventCountry "NED"]
[SourceTitle "playchess.com"]
[Source "ChessBase"]
[SourceQuality "1"]
[TimeControl "5400+30"]

1. d4 Nf6 2. Nf3 g6 3. c4 Bg7 4. Nc3 d5 5. e3 O-O 6. Bd2 c5 7. Qb3 cxd4 8. Nxd5 dxe3 9. Nxf6+ Bxf6 10. Bxe3 Nd7 11. Be2 Qc7 12. O-O Nc5 13. Qa3 b6 14. Rac1 Bb7 15. Rfd1 Rfd8 16. Nd4 e5 17. Nb5 Qc6 18. Bf3 e4 19. Be2 Nd3 20. Rc2 a6 21. Nc3 Qxc4 22. Bxb6 Re8 23. Qa4 Qe6 24. Be3 Bc6 25. Qa3 Ne5 26. Rd6 Qe7 27. Bc5 e3 28. Rxc6 exf2+ 29. Kxf2 Nd3+ 30. Bxd3 Qe1+ 31. Kf3 Rad8 32. Be2 Bg5 33. Ne4 Rxe4 34. Kxe4 Qh4+ 35. g4 Qxh2 36. Qf3 Qb8 37. Bc4 Rd7 38. Rd6 Qb7+ 39. Bd5 Re7+ 40. Kd3 Qb5+ 41. Rc4 1-0

[Event "Amsterdam Chess Open 2024"]
[Site "Amsterdam"]
[Date "2024.11.02"]
[Round "4.21"]
[White "Stiehler, Oskar"]
[Black "Shakya, Amrit"]
[Result "0-1"]
[ECO "B22"]
[WhiteElo "1784"]
[BlackElo "1756"]
[Annotator "NA RC"]
[PlyCount "88"]
[EventDate "2024.10.31"]
[EventType "swiss"]
[EventCountry "NED"]
[SourceTitle "playchess.com"]
[Source "ChessBase"]
[SourceQuality "1"]
[TimeControl "5400+30"]

1. e4 c5 2. c3 Nf6 3. e5 Nd5 4. d4 d6 5. Nf3 e6 6. c4 Nb4 7. dxc5 dxe5 8. Qxd8+ Kxd8 9. Nxe5 Ke8 10. Na3 Bxc5 11. Nd3 Nxd3+ 12. Bxd3 Bxa3 13. bxa3 Nc6 14. Bb2 f6 15. O-O e5 16. f4 exf4 17. Rxf4 Kf7 18. Rf2 Be6 19. Bc3 Rac8 20. Rb1 b6 21. a4 Rhd8 22. Bxh7 Bxc4 23. a5 bxa5 24. Rb7+ Ne7 25. h3 Bd5 26. Rxe7+ Kxe7 27. Bxa5 Rc1+ 28. Kh2 Rd7 29. Bg6 Rb7 30. a3 Rb5 31. Re2+ Be6 32. Bb4+ Kd7 33. Bf8 Rg5 34. Rd2+ Rd5 35. Rxd5+ Bxd5 36. Bxg7 Ke7 37. h4 Ra1 38. h5 Bf7 39. Bxf7 Kxf7 40. h6 Rxa3 41. g4 a5 42. g5 fxg5 43. Bb2 Ra2 44. h7 Rxb2+ 0-1

[Event "Amsterdam Chess Open 2024"]
[Site "Amsterdam"]
[Date "2024.11.02"]
[Round "4.22"]
[White "Lars Nobbe"]
[Black "Erisen, Sinan"]
[Result "0-1"]
[ECO "B06"]
[WhiteElo "1772"]
[BlackElo "1745"]
[Annotator "NA RC"]
[PlyCount "61"]
[EventDate "2024.10.31"]
[EventType "swiss"]
[EventCountry "NED"]
[SourceTitle "playchess.com"]
[Source "ChessBase"]
[SourceQuality "1"]
[TimeControl "5400+30"]

1. e4 g6 2. d4 Bg7 3. Nf3 d6 4. Nc3 a6 5. Bc4 b5 6. Bxf7+ Kxf7 7. Ng5+ Ke8 8. Qf3 Nh6 9. e5 c6 10. e6 Rf8 11. Qh3 Qb6 12. Nxh7 Rf5 13. Qg3 Bxd4 14. Qxg6+ Kd8 15. Bxh6 Bxf2+ 16. Kd1 Qd4+ 17. Kc1 Be3+ 18. Kb1 Bxh6 19. Qxf5 b4 20. Rd1 Qc4 21. Qa5+ Ke8 22. Qh5+ Kd8 23. Na4 Qf4 24. Nb6 Bxe6 25. Nxa8 Bf5 26. Qf3 Qe5 27. Qf2 Be3 28. Qe2 Qc5 29. Re1 Bxh7 30. a3 b3 31. Rc1 0-1

[Event "Amsterdam Chess Open 2024"]
[Site "Amsterdam"]
[Date "2024.11.02"]
[Round "4.23"]
[White "Alamaki, Jaakko"]
[Black "Schebek, Paul"]
[Result "1/2-1/2"]
[ECO "D61"]
[WhiteElo "1816"]
[BlackElo "1696"]
[Annotator "NA RC"]
[PlyCount "131"]
[EventDate "2024.10.31"]
[EventType "swiss"]
[EventCountry "NED"]
[SourceTitle "playchess.com"]
[Source "ChessBase"]
[SourceQuality "1"]
[TimeControl "5400+30"]

1. d4 d5 2. Nf3 Nf6 3. c4 c6 4. Nc3 e6 5. Bg5 Be7 6. e3 O-O 7. Qc2 Nbd7 8. Be2 b6 9. O-O Bb7 10. Rfd1 Rc8 11. a3 c5 12. b3 a6 13. Qb2 h6 14. Bh4 dxc4 15. dxc5 cxb3 16. Qxb3 Rxc5 17. Rab1 Nd5 18. Bxe7 Qxe7 19. Ne4 Rc7 20. Nd4 Rfc8 21. Ra1 Nc3 22. Nxc3 Rxc3 23. Qb4 Qxb4 24. axb4 Nb8 25. h3 b5 26. Bg4 Kf8 27. Be2 Nc6 28. Bf3 Nxd4 29. Bxb7 Rb8 30. Bxa6 Nc6 31. Rdc1 Rxc1+ 32. Rxc1 Nxb4 33. Rc8+ Rxc8 34. Bxc8 Nd5 35. Bd7 b4 36. Ba4 Ke7 37. Kf1 Kd6 38. Ke1 Kc5 39. Kd2 Nc3 40. Bb3 Ne4+ 41. Ke2 Nd6 42. Kd3 e5 43. e4 f6 44. g4 Nb5 45. h4 Nd4 46. Bd1 b3 47. Kc3 b2 48. Kxb2 Kc4 49. f3 Kd3 50. h5 Ke3 51. Kc3 Nxf3 52. Bc2 Ng5 53. Kc4 Nxe4 54. Kd5 Nf2 55. Ke6 Nxg4 56. Kf7 Kf4 57. Kxg7 e4 58. Kg6 e3 59. Bd1 f5 60. Be2 Ke5 61. Kg7 Nf6 62. Kxh6 Nxh5 63. Kxh5 Kf4 64. Kh4 Ke4 65. Kg3 f4+ 66. Kg2 1/2-1/2

[Event "Amsterdam Chess Open 2024"]
[Site "Amsterdam"]
[Date "2024.11.02"]
[Round "4.24"]
[White "Denz, Markus"]
[Black "Alexandrov, Matvey"]
[Result "1/2-1/2"]
[ECO "A83"]
[WhiteElo "1729"]
[BlackElo "1835"]
[Annotator "NA RC"]
[PlyCount "56"]
[EventDate "2024.10.31"]
[EventType "swiss"]
[EventCountry "NED"]
[SourceTitle "playchess.com"]
[Source "ChessBase"]
[SourceQuality "1"]
[TimeControl "5400+30"]

1. d4 f5 2. Nc3 Nf6 3. Bg5 e6 4. e4 fxe4 5. Nxe4 Be7 6. Bxf6 Bxf6 7. Nf3 O-O 8. Bd3 Nc6 9. c3 b6 10. Qe2 Bb7 11. O-O-O Ne7 12. Nxf6+ Rxf6 13. Ng5 Rh6 14. Be4 Bxe4 15. Qxe4 Nd5 16. f4 Qf6 17. g3 Rf8 18. Qe5 Qf5 19. a3 b5 20. Rd2 Rhf6 21. Ne4 R6f7 22. Re1 h6 23. Qxf5 Rxf5 24. Nc5 R5f7 25. Rde2 Rb8 26. Nd3 Kh7 27. Ne5 Re7 28. Nd3 Rf8 1/2-1/2

[Event "Amsterdam Chess Open 2024"]
[Site "Amsterdam"]
[Date "2024.11.02"]
[Round "4.25"]
[White "Naranjo Contrera, Nestor"]
[Black "Thomas Huften"]
[Result "0-1"]
[ECO "E61"]
[WhiteElo "1665"]
[BlackElo "1781"]
[Annotator "NA RC"]
[PlyCount "138"]
[EventDate "2024.10.31"]
[EventType "swiss"]
[EventCountry "NED"]
[SourceTitle "playchess.com"]
[Source "ChessBase"]
[SourceQuality "1"]
[TimeControl "5400+30"]

1. d4 Nf6 2. c4 g6 3. Nc3 Bg7 4. Nf3 d6 5. e3 O-O 6. Bd3 a5 7. h3 Na6 8. a3 c5 9. O-O Bd7 10. Qc2 Bc6 11. d5 Bd7 12. b3 e6 13. dxe6 fxe6 14. Bb2 Bc6 15. Be2 Nc7 16. Rad1 Qe7 17. Rd2 Rad8 18. Rfd1 Rd7 19. Ne1 Rfd8 20. Bf3 d5 21. cxd5 exd5 22. Ne2 Ne6 23. Ng3 Ng5 24. Be2 Nge4 25. Nxe4 Nxe4 26. Bxg7 Nxd2 27. Rxd2 Kxg7 28. Bg4 Rc7 29. Qc3+ d4 30. Qxa5 dxe3 31. Qc3+ Kh6 32. Rxd8 exf2+ 33. Kxf2 Qxd8 34. Qe3+ Qg5 35. Qc3 Qf4+ 36. Bf3 Qd4+ 37. Qxd4 cxd4 38. Be2 Kg5 39. Bf3 Rd7 40. Be2 Be4 41. Nd3 Bxd3 42. Bxd3 Kf4 43. g3+ Ke5 44. Ke2 h6 45. a4 g5 46. Kd2 Kd5 47. b4 Rc7 48. a5 Rc3 49. b5 Ra3 50. a6 bxa6 51. bxa6 Ke5 52. Ke2 h5 53. Kd2 h4 54. gxh4 gxh4 55. Ke2 Kf4 56. Kd2 Kg3 57. Bf5 Rxa6 58. Kd3 Rd6 59. Bc8 Kf4 60. Bg4 Ke5 61. Bc8 Rg6 62. Bd7 Rg3+ 63. Kd2 Kf4 64. Be6 Kf3 65. Kd3 Kg2+ 66. Kxd4 Rxh3 67. Ke4 Ra3 68. Bd5 Kg3 69. Kf5 h3 0-1

[Event "Amsterdam Chess Open 2024"]
[Site "Amsterdam"]
[Date "2024.11.02"]
[Round "4.26"]
[White "Tobias Pilz"]
[Black "Sam Ritchie"]
[Result "0-1"]
[ECO "A11"]
[WhiteElo "1700"]
[BlackElo "1600"]
[Annotator "NA RC"]
[PlyCount "66"]
[EventDate "2024.10.31"]
[EventType "swiss"]
[EventCountry "NED"]
[SourceTitle "playchess.com"]
[Source "ChessBase"]
[SourceQuality "1"]
[TimeControl "5400+30"]

1. e3 d5 2. Nf3 Nf6 3. c4 e6 4. Nc3 c6 5. b3 Bc5 6. Bb2 Nbd7 7. d4 Bb6 8. Qc2 c5 9. Na4 Ba5+ 10. Nd2 Ne4 11. Nc3 Bxc3 12. Bxc3 Nxc3 13. Qxc3 Qf6 14. cxd5 exd5 15. Bb5 b6 16. Nf3 O-O 17. Rc1 cxd4 18. exd4 Qe7+ 19. Kd2 Nf6 20. Bd3 Bg4 21. Ne5 Rac8 22. Nc6 Qd6 23. f3 Bd7 24. Bb5 Rxc6 25. Bxc6 Rc8 26. Qe3 Bxc6 27. Rc2 Re8 28. Qc3 Qf4+ 29. Kd1 Bd7 30. g3 Qd6 31. Kd2 Qe7 32. Qd3 g6 33. Rhc1 Bf5 0-1

[Event "Amsterdam Chess Open 2024"]
[Site "Amsterdam"]
[Date "2024.11.02"]
[Round "4.28"]
[White "Tide Benevento"]
[Black "Sonmez, Ozkal"]
[Result "0-1"]
[ECO "B14"]
[WhiteElo "1200"]
[BlackElo "1637"]
[Annotator "NA RC"]
[PlyCount "58"]
[EventDate "2024.10.31"]
[EventType "swiss"]
[EventCountry "NED"]
[SourceTitle "playchess.com"]
[Source "ChessBase"]
[SourceQuality "1"]
[TimeControl "5400+30"]

1. d4 Nf6 2. c4 e6 3. Nc3 Bb4 4. e3 O-O 5. Bd2 c5 6. Nf3 cxd4 7. exd4 d5 8. c5 b6 9. a3 Bxc3 10. Bxc3 Ne4 11. cxb6 Qxb6 12. Bd3 Nd7 13. O-O Ba6 14. Re1 Bxd3 15. Qxd3 e5 16. Re3 Nxc3 17. Qxc3 Rfc8 18. Qd2 e4 19. Nh4 g6 20. Rh3 Rc4 21. Rd1 Rac8 22. b3 Rc2 23. Qg5 Qxd4 24. Rf1 Qd2 25. Qg4 Rc1 26. g3 Ne5 27. Qf4 Rxf1+ 28. Kxf1 Rc1+ 29. Kg2 Qd1 0-1

[Event "Amsterdam Chess Open 2024"]
[Site "Amsterdam"]
[Date "2024.11.02"]
[Round "4.29"]
[White "Boustred, Noel J"]
[Black "Sourbh Bhadane"]
[Result "1/2-1/2"]
[ECO "A45"]
[WhiteElo "1614"]
[BlackElo "1200"]
[Annotator "NA RC"]
[PlyCount "33"]
[EventDate "2024.10.31"]
[EventType "swiss"]
[EventCountry "NED"]
[SourceTitle "playchess.com"]
[Source "ChessBase"]
[SourceQuality "1"]
[TimeControl "5400+30"]

1. d4 Nf6 2. e3 e6 3. Bd3 b6 4. Nh3 Bb7 5. O-O c5 6. c3 Qc7 7. Nd2 d5 8. f4 Nbd7 9. Nf3 Be7 10. Ne5 h6 11. Bd2 a6 12. Be1 O-O 13. g4 Nxe5 14. fxe5 Ne4 15. Bxe4 dxe4 16. Bg3 Qd8 17. Qe1 1/2-1/2

[Event "Amsterdam Chess Open 2024"]
[Site "Amsterdam"]
[Date "2024.11.02"]
[Round "4.30"]
[White "Witte, Phoebe"]
[Black "Imran Yakubov"]
[Result "1-0"]
[ECO "C01"]
[WhiteElo "1619"]
[BlackElo "1500"]
[Annotator "NA RC"]
[PlyCount "49"]
[EventDate "2024.10.31"]
[EventType "swiss"]
[EventCountry "NED"]
[SourceTitle "playchess.com"]
[Source "ChessBase"]
[SourceQuality "1"]
[TimeControl "5400+30"]

1. e4 e6 2. d4 d5 3. exd5 exd5 4. Bd3 Nf6 5. Nf3 Be7 6. O-O O-O 7. Re1 c6 8. Bf4 Nbd7 9. Nbd2 Re8 10. c3 Nf8 11. Ne5 Ng6 12. Nxg6 hxg6 13. h3 Bd7 14. Nf3 Bf8 15. Ne5 Be6 16. Qc2 Rc8 17. Qd2 a6 18. Re2 Bd7 19. Rae1 b5 20. Bg5 a5 21. Qf4 Bd6 22. Qf3 Be7 23. Nxg6 fxg6 24. Bxg6 Ne4 25. Bf7+ 1-0